TOP OF THE 1ST |
St. Louis Browns batting - Pitching for Madison Bombers : LHP Juan Espinosa
|
Pitching: LHP Juan Espinosa
|
|
Batting: LHB Mike Hill
|
0-0: Ball 1-0: Called Strike 1-1: SINGLE (Line Drive, 78M)
|
Batting: RHB R.J. Parker
|
0-0: Ball 1-0: Ball 2-0: Foul Ball, location: 2F 2-1: Foul Ball, location: 2F 2-2: Strikes out looking
|
Batting: RHB Yoshihide Takahashi
|
0-0: Ball 1-0: Swinging Strike 1-1: Ball 2-1: Called Strike 2-2: Ball 3-2: Fly out, F8 (Flyball, 8LXD)
|
Batting: LHB Stan Hickman
|
0-0: Ball 1-0: Ball 2-0: Called Strike 2-1: Foul Ball, location: 2F 2-2: Strikes out swinging
|
Top of the 1st over - 0 run(s), 1 hit(s), 0 error(s), 1 left on base; St. Louis 0 - Madison 0 |
BOTTOM OF THE 1ST |
Madison Bombers batting - Pitching for St. Louis Browns : RHP Aaron Palmer
|
Pitching: RHP Aaron Palmer
|
|
Batting: LHB Robin Hill
|
0-0: Ball 1-0: Fly out, F8 (Flyball, 78D)
|
Batting: RHB Alonso Holguín
|
0-0: Called Strike 0-1: SINGLE (Flyball, 8LS)
|
Batting: LHB Seung-chun Mun
|
0-0: Ball 1-0: Ball 2-0: Called Strike 2-1: Fly out, F9 (Flyball, 9D)
|
Batting: LHB Mike Callahan
|
0-0: SINGLE (Line Drive, 89S) Alonso Holguín to second
|
Batting: RHB Vicente Aguirre
|
0-0: Fly out, F6 (Popup, 6D)
|
Bottom of the 1st over - 0 run(s), 2 hit(s), 0 error(s), 2 left on base; St. Louis 0 - Madison 0 |
TOP OF THE 2ND |
St. Louis Browns batting - Pitching for Madison Bombers : LHP Juan Espinosa
|
Batting: RHB George Howard
|
0-0: Called Strike 0-1: Called Strike 0-2: Ball 1-2: Foul Ball, location: 2F 1-2: Foul Ball, location: 2F 1-2: Ball 2-2: Ball 3-2: Fly out, F6 (Popup, 6MS)
|
Batting: RHB Will Brown
|
0-0: Ball 1-0: Ground out 1-3 (Groundball, 34S)
|
Batting: RHB Carlos Alfaro
|
0-0: Ball 1-0: Ball 2-0: Ball 3-0: Called Strike 3-1: Foul Ball, location: 2F 3-2: Base on Balls
|
Batting: RHB Mario Rosales
|
0-0: Ball Carlos Alfaro is caught stealing 2nd base
|
Top of the 2nd over - 0 run(s), 0 hit(s), 0 error(s), 0 left on base; St. Louis 0 - Madison 0 |
BOTTOM OF THE 2ND |
Madison Bombers batting - Pitching for St. Louis Browns : RHP Aaron Palmer
|
Batting: RHB Sergio Márquez
|
0-0: Ball 1-0: Ball 2-0: SINGLE (Groundball, 4MD)
|
Batting: LHB Sixto Cantú
|
0-0: Grounds into double play, 4-6-3 (Groundball, 4)
|
Batting: SHB Dave MacThomas
|
0-0: Ball 1-0: Fly out, F5 (Line Drive, 56)
|
Bottom of the 2nd over - 0 run(s), 1 hit(s), 0 error(s), 0 left on base; St. Louis 0 - Madison 0 |
TOP OF THE 3RD |
St. Louis Browns batting - Pitching for Madison Bombers : LHP Juan Espinosa
|
Batting: RHB Mario Rosales
|
0-0: Fly out, F7 (Line Drive, 7M)
|
Batting: LHB Junior Coates
|
0-0: Ball 1-0: Ball 2-0: Fly out, F8 (Line Drive, 8RS)
|
Batting: LHB Mike Hill
|
0-0: Swinging Strike 0-1: Ball 1-1: SINGLE (Groundball, 5D)
|
Batting: RHB R.J. Parker
|
0-0: Ball 1-0: Ball 2-0: Swinging Strike 2-1: Called Strike 2-2: Ball 3-2: Strikes out looking
|
Top of the 3rd over - 0 run(s), 1 hit(s), 0 error(s), 1 left on base; St. Louis 0 - Madison 0 |
BOTTOM OF THE 3RD |
Madison Bombers batting - Pitching for St. Louis Browns : RHP Aaron Palmer
|
Batting: RHB Guo-xiu Choi
|
0-0: Called Strike 0-1: Ball 1-1: Foul Ball, location: 2F 1-2: Ball 2-2: Strikes out swinging
|
Batting: LHB Robin Hill
|
0-0: SINGLE (Line Drive, 7LS)
|
Batting: RHB Alonso Holguín
|
0-0: Swinging Strike 0-1: Ball 1-1: Called Strike 1-2: Strikes out looking
|
Batting: LHB Seung-chun Mun
|
0-0: Ball 1-0: Swinging Strike 1-1: Foul Ball, location: 2F 1-2: Foul Ball, location: 2F 1-2: Ground out 4-3 (Groundball, 4)
|
Bottom of the 3rd over - 0 run(s), 1 hit(s), 0 error(s), 1 left on base; St. Louis 0 - Madison 0 |
TOP OF THE 4TH |
St. Louis Browns batting - Pitching for Madison Bombers : LHP Juan Espinosa
|
Batting: RHB Yoshihide Takahashi
|
0-0: Ball 1-0: Ground out 4-3 (Groundball, 6MS)
|
Batting: LHB Stan Hickman
|
0-0: Ball 1-0: Ball 2-0: Ball 3-0: Base on Balls
|
Batting: RHB George Howard
|
0-0: Ball 1-0: Swinging Strike 1-1: Swinging Strike 1-2: Ball 2-2: Ball 3-2: Strikes out swinging
|
Batting: RHB Will Brown
|
0-0: Ball 1-0: Ball 2-0: SINGLE (Groundball, 56S) (infield hit) Stan Hickman to second
|
Batting: RHB Carlos Alfaro
|
0-0: Called Strike 0-1: Ball 1-1: Fielders Choice at 2nd, U6 (Groundball, 6M)
|
Top of the 4th over - 0 run(s), 1 hit(s), 0 error(s), 2 left on base; St. Louis 0 - Madison 0 |
BOTTOM OF THE 4TH |
Madison Bombers batting - Pitching for St. Louis Browns : RHP Aaron Palmer
|
Batting: LHB Mike Callahan
|
0-0: Called Strike 0-1: Reached on error, E4 (Groundball, 4)
|
Batting: RHB Vicente Aguirre
|
0-0: Called Strike 0-1: Swinging Strike 0-2: Ground out 6-3 (Groundball, 6)
|
Batting: RHB Sergio Márquez
|
0-0: Ball 1-0: Called Strike 1-1: Ground out 4-3 (Groundball, 4) Mike Callahan to third
|
Batting: LHB Sixto Cantú
|
0-0: Ball 1-0: Ball 2-0: Swinging Strike 2-1: Foul Ball, location: 2F 2-2: Strikes out looking
|
Bottom of the 4th over - 0 run(s), 0 hit(s), 1 error(s), 1 left on base; St. Louis 0 - Madison 0 |
TOP OF THE 5TH |
St. Louis Browns batting - Pitching for Madison Bombers : LHP Juan Espinosa
|
Batting: RHB Mario Rosales
|
0-0: Called Strike 0-1: Called Strike 0-2: Ball 1-2: Ball 2-2: Foul Ball, location: 2F 2-2: Foul Ball, location: 2F 2-2: Foul Ball, location: 2F 2-2: Ball 3-2: Base on Balls
|
Batting: LHB Junior Coates
|
0-0: Ball 1-0: Called Strike 1-1: Ball 2-1: Foul Ball, location: 2F 2-2: Strikes out looking
|
Batting: LHB Mike Hill
|
0-0: Ball 1-0: Called Strike 1-1: Called Strike 1-2: Ball 2-2: Ball Mario Rosales steals 2nd base 3-2: Reached on error, E5 (Groundball, 56) Mario Rosales to third
|
Batting: RHB R.J. Parker
|
0-0: Ground out 5-3 (Groundball, 56S) Mario Rosales scores Mike Hill to second
|
Batting: RHB Yoshihide Takahashi
|
0-0: Called Strike 0-1: Ball 1-1: Ball 2-1: Ball 3-1: Swinging Strike 3-2: Foul Ball, location: 2F 3-2: Base on Balls
|
Batting: LHB Stan Hickman
|
0-0: Called Strike 0-1: Ball 1-1: Ball 2-1: Foul Ball, location: 2F 2-2: Foul Ball, location: 2F 2-2: Foul Ball, location: 2F 2-2: Fielders Choice at 2nd, 6-4 (Groundball, 6)
|
Top of the 5th over - 1 run(s), 0 hit(s), 1 error(s), 1 left on base; St. Louis 1 - Madison 0 |
BOTTOM OF THE 5TH |
Madison Bombers batting - Pitching for St. Louis Browns : RHP Aaron Palmer
|
Batting: SHB Dave MacThomas
|
0-0: Ball 1-0: Ball 2-0: Ball 3-0: Called Strike 3-1: Called Strike 3-2: Foul Ball, location: 2F 3-2: Strikes out looking
|
Batting: RHB Guo-xiu Choi
|
0-0: Foul Ball, location: 2F 0-1: Called Strike 0-2: Ball 1-2: Strikes out swinging
|
Batting: LHB Robin Hill
|
0-0: Ball 1-0: DOUBLE (Flyball, 78D)
|
Batting: RHB Alonso Holguín
|
0-0: Foul Ball, location: 2F 0-1: Ball 1-1: Ball 2-1: Foul Ball, location: 2F 2-2: Ball 3-2: Ground out 6-3 (Groundball, 6M)
|
Bottom of the 5th over - 0 run(s), 1 hit(s), 0 error(s), 1 left on base; St. Louis 1 - Madison 0 |
TOP OF THE 6TH |
St. Louis Browns batting - Pitching for Madison Bombers : LHP Juan Espinosa
|
Pitching: RHP Manny Canseco
|
|
Batting: RHB George Howard
|
0-0: Ground out U3 (Groundball, 3S)
|
Batting: RHB Will Brown
|
0-0: Fly out, F7 (Flyball, 7M)
|
Batting: RHB Carlos Alfaro
|
0-0: Called Strike 0-1: Fly out, F2 (Popup, 2RF)
|
Top of the 6th over - 0 run(s), 0 hit(s), 0 error(s), 0 left on base; St. Louis 1 - Madison 0 |
BOTTOM OF THE 6TH |
Madison Bombers batting - Pitching for St. Louis Browns : RHP Aaron Palmer
|
Batting: LHB Seung-chun Mun
|
0-0: Ball 1-0: Foul Ball, location: 2F 1-1: Ball 2-1: Called Strike 2-2: SOLO HOME RUN (Flyball, 9LD), Distance : 374 ft
|
Batting: LHB Mike Callahan
|
0-0: Ball 1-0: Foul Ball, location: 2F 1-1: SINGLE (Line Drive, 56D)
|
Batting: RHB Vicente Aguirre
|
0-0: Called Strike 0-1: Ball 1-1: Ball 2-1: Ball 3-1: Called Strike Pickoff Throw by Catcher to First - Error! E2 Mike Callahan to second 3-2: Foul Ball, location: 2F 3-2: Foul Ball, location: 2F 3-2: Ground out 1-3 (Groundball, 23) Mike Callahan to third
|
Batting: RHB Sergio Márquez
|
0-0: Bunted foul 0-1: Ball 1-1: Ball 2-1: Foul Ball, location: 2F 2-2: Ball 3-2: Foul Ball, location: 2F 3-2: Strikes out swinging
|
Pitching: LHP Miguel Martínez
|
|
Batting: LHB Sixto Cantú
|
0-0: Ball 1-0: Ball 2-0: Swinging Strike 2-1: Ball 3-1: Ground out 1-3 (Groundball, 15)
|
Bottom of the 6th over - 1 run(s), 2 hit(s), 1 error(s), 1 left on base; St. Louis 1 - Madison 1 |
TOP OF THE 7TH |
St. Louis Browns batting - Pitching for Madison Bombers : RHP Manny Canseco
|
Pinch Hitting: LHB Joe Sanders
|
0-0: Foul Ball, location: 2F 0-1: Ball 1-1: Fly out, F8 (Flyball, 78M)
|
Batting: LHB Junior Coates
|
0-0: Fly out, F8 (Flyball, 6MD)
|
Batting: LHB Mike Hill
|
0-0: Ball 1-0: Called Strike 1-1: Foul Ball, location: 2F 1-2: Ball 2-2: SINGLE (Groundball, 4)
|
Batting: RHB R.J. Parker
|
0-0: Ball 1-0: Foul Ball, location: 2F 1-1: Ground out 5-3 (Groundball, 5)
|
Top of the 7th over - 0 run(s), 1 hit(s), 0 error(s), 1 left on base; St. Louis 1 - Madison 1 |
BOTTOM OF THE 7TH |
Madison Bombers batting - Pitching for St. Louis Browns : LHP Miguel Martínez
|
Now in CF: Clinton Clark
|
|
Batting: SHB Dave MacThomas
|
0-0: Called Strike 0-1: Ball 1-1: Called Strike 1-2: Fly out, F6 (Popup, 6D)
|
Batting: RHB Guo-xiu Choi
|
0-0: Ball 1-0: Ground out 5-3 (Groundball, 56)
|
Pinch Hitting: SHB Jorge Flores
|
0-0: Ball 1-0: Swinging Strike 1-1: Ball 2-1: Fly out, F7 (Flyball, 7S)
|
Bottom of the 7th over - 0 run(s), 0 hit(s), 0 error(s), 0 left on base; St. Louis 1 - Madison 1 |
TOP OF THE 8TH |
St. Louis Browns batting - Pitching for Madison Bombers : RHP Manny Canseco
|
Pitching: RHP Ramiro Rivera
|
|
Now in CF: Aroghetto Dionisotti
|
|
Batting: RHB Yoshihide Takahashi
|
0-0: Ball 1-0: Ball 2-0: Foul Ball, location: 2F 2-1: Foul Ball, location: 2F 2-2: Strikes out swinging
|
Batting: LHB Stan Hickman
|
0-0: Called Strike 0-1: SINGLE (Groundball, 34D) (infield hit)
|
Pinch Hitting: LHB Jorge Torres
|
0-0: Called Strike 0-1: Fly out, F7 (Flyball, 7LM)
|
Batting: RHB Will Brown
|
0-0: Called Strike 0-1: 2-RUN HOME RUN (Flyball, 7D), Distance : 389 ft
|
Pitching: LHP Dave Carbone
|
|
Batting: RHB Carlos Alfaro
|
0-0: Ball 1-0: Ball 2-0: Ball 3-0: Called Strike 3-1: Base on Balls
|
Batting: LHB Clinton Clark
|
0-0: Ball 1-0: 2-RUN HOME RUN (Flyball, 7D), Distance : 361 ft
|
Pitching: RHP Arthur Green
|
|
Batting: LHB Junior Coates
|
0-0: Fly out, F5 (Popup, 5D)
|
Top of the 8th over - 4 run(s), 3 hit(s), 0 error(s), 0 left on base; St. Louis 5 - Madison 1 |
BOTTOM OF THE 8TH |
Madison Bombers batting - Pitching for St. Louis Browns : LHP Miguel Martínez
|
Now at 1B: Jorge Torres
|
|
Batting: RHB Alonso Holguín
|
0-0: Swinging Strike 0-1: Called Strike 0-2: Foul Ball, location: 2F 0-2: Ball 1-2: Foul Ball, location: 2F 1-2: SINGLE (Line Drive, 4M)
|
Batting: LHB Seung-chun Mun
|
0-0: Ball 1-0: Foul Ball, location: 2F 1-1: Ball 2-1: Called Strike 2-2: Foul Ball, location: 2F 2-2: Foul Ball, location: 2F 2-2: Ball 3-2: Base on Balls Alonso Holguín to second
|
Pitching: LHP Santiago Valentín
|
|
Batting: LHB Mike Callahan
|
0-0: Ball 1-0: Ball 2-0: Foul Ball, location: 2F 2-1: Ball 3-1: Fielders Choice at 2nd, 1-4 (Groundball, 25) Alonso Holguín to third
|
Pitching: RHP Beau Brown
|
|
Batting: RHB Vicente Aguirre
|
0-0: Called Strike 0-1: Swinging Strike 0-2: Ball 1-2: Strikes out swinging
|
Batting: RHB Sergio Márquez
|
0-0: Ball 1-0: Called Strike 1-1: Foul Ball, location: 2F 1-2: Ball 2-2: Foul Ball, location: 2F 2-2: Ball 3-2: Strikes out looking
|
Bottom of the 8th over - 0 run(s), 1 hit(s), 0 error(s), 2 left on base; St. Louis 5 - Madison 1 |
TOP OF THE 9TH |
St. Louis Browns batting - Pitching for Madison Bombers : RHP Arthur Green
|
Batting: LHB Mike Hill
|
0-0: Ball 1-0: Called Strike 1-1: Foul Ball, location: 2F 1-2: Ball 2-2: Ball 3-2: SOLO HOME RUN (Flyball, 8RXD), Distance : 415 ft
|
Batting: RHB R.J. Parker
|
0-0: Called Strike 0-1: Ball 1-1: Ball 2-1: SINGLE (Line Drive, 6MD)
|
Batting: RHB Yoshihide Takahashi
|
0-0: Called Strike 0-1: Ball 1-1: Ball 2-1: Called Strike 2-2: Ball 3-2: Fly out, F9 (Flyball, 9LS)
|
Batting: LHB Stan Hickman
|
0-0: Ball 1-0: Foul Ball, location: 2F 1-1: Ball 2-1: Swinging Strike 2-2: Grounds into double play, 4-6-3 (Groundball, 4)
|
Top of the 9th over - 1 run(s), 2 hit(s), 0 error(s), 0 left on base; St. Louis 6 - Madison 1 |
BOTTOM OF THE 9TH |
Madison Bombers batting - Pitching for St. Louis Browns : RHP Beau Brown
|
Batting: LHB Sixto Cantú
|
0-0: Called Strike 0-1: DOUBLE (Line Drive, 7LM)
|
Batting: SHB Dave MacThomas
|
0-0: Ball 1-0: Foul Ball, location: 2F 1-1: Ball 2-1: Ball 3-1: Base on Balls
|
Batting: RHB Guo-xiu Choi
|
0-0: Ball Wild Pitch! Sixto Cantú to third Dave MacThomas to second 1-0: Foul Ball, location: 2F 1-1: Called Strike 1-2: Fly out, F8 (Flyball, 89XD) Runner from 3rd tags up, SCORES, no throw
|
Batting: LHB Aroghetto Dionisotti
|
0-0: Ball 1-0: Ball 2-0: Ball 3-0: Called Strike 3-1: Foul Ball, location: 2F 3-2: Ground out 3-1 (Groundball, 3L) Dave MacThomas to third
|
Batting: RHB Alonso Holguín
|
0-0: Called Strike 0-1: Ball 1-1: Ball 2-1: Foul Ball, location: 2F 2-2: Foul Ball, location: 2F 2-2: Foul Ball, location: 2F 2-2: Fly out, F8 (Line Drive, 8LM)
|
Bottom of the 9th over - 1 run(s), 1 hit(s), 0 error(s), 1 left on base; St. Louis 6 - Madison 2 |
|